 Dungeon Sprint DCSS version 0.22.1-1-ga44c0e56f4 (webtiles) character file.

4941 MuseOD the Unseen (level 10, -5/55 HPs)
             Began as a Spriggan Enchanter on Sept 21, 2018.
             Was a High Priest of Dithmenos.
             Killed from afar by a lava snake (19 damage)
             ... with a glob of lava
             ... in the Dungeon (Sprint II: "The Violet Keep of Menkaure").
             The game lasted 00:04:30 (735 turns).

MuseOD the Unseen (Spriggan Enchanter)               Turns: 735, Time: 00:04:31

Health: -5/55      AC:  2    Str:  4    XL:     10   Next: 28%
Magic:  1/25       EV: 18    Int: 20    God:    Dithmenos [*****.]
Gold:   714        SH:  0    Dex: 17    Spells: 13/29 levels left

rFire    . . .     SeeInvis +   a - +1 dagger
rCold    . . .     Gourm    .   (shield restricted)
rNeg     . . .     Faith    .   b - +0 robe
rPois    .         Spirit   .   (helmet restricted)
rElec    .         Reflect  .   (no cloak)
rCorr    .         Harm     .   (gloves unavailable)
MR       +....     NoTele   +   (boots unavailable)
Stlth    ++++++++++             (no amulet)
HPRegen  0.18/turn              (no ring)
MPRegen  0.19/turn              (no ring)

@: very slightly contaminated, wreathed by umbra, very quick
A: very small, unfitting armour, see invisible, herbivore, speed 3, slow
metabolism 2
a: Shadow Step, Shadow Form, Renounce Religion


You were in the Dungeon.
You worshipped Dithmenos.
Dithmenos was extremely pleased with you.
You were not hungry.

You visited 1 branch You collected 1134 gold pieces.
You spent 420 gold pieces at shops.

Inventory:

Hand Weapons
 a - a +1 dagger (weapon)
Armour
 b - a +0 robe (worn)
Scrolls
 j - a scroll of blinking
Potions
 g - a potion of haste
Comestibles
 d - a ration


   Skills:
 - Level 7.3 Fighting
 - Level 11.5 Short Blades
 - Level 3.0 Dodging
 + Level 20.7 Stealth
 - Level 10.0 Spellcasting
 + Level 6.7 Conjurations
 - Level 10.3 Hexes


You had 13 spell levels left.
You knew the following spells:

 Your Spells              Type           Power        Failure   Level  Hunger
a - Corona                Hex            ######.      1%          1    None
b - Ensorcelled Hibernat  Hex/Ice        ####..       1%          2    None
c - Confuse               Hex            ######..     1%          3    None
d - Tukima's Dance        Hex            ######..     1%          3    None
e - Dazzling Spray        Conj/Hex       #####.       1%          3    None
f - Iskenderun's Mystic   Conj           #####...     4%          4    ##.....

Your spell library contained the following spells:

 Spells                   Type           Power        Failure   Level  Hunger
 Magic Dart               Conj           ####         1%          1    None
 Searing Ray              Conj           #####.       1%          2    None
 Fulminant Prism          Conj/Hex       #####.....   1%          4    ##.....
 Force Lance              Conj/Tloc      ###.....     17%         4    ##.....


Dungeon Overview and Level Annotations

Branches:
Dungeon (1/1)

Altars:
Cheibriados
Dithmenos
Elyvilon
Fedhas
Gozag
Hepliaklqana
Kikubaaqudgha
Makhleb
Nemelex Xobeh
Okawaru
Qazlal
Ru
Sif Muna
Trog
Uskayaw
Vehumet
Wu Jian
Xom
Yredelemnul
Zin
The Shining One
Beogh
Jiyva
Lugonu

Shops:
D ?:[[!}!([:=%::=?

Annotations:
D exclusion: oklob plant, Roxanne


Innate Abilities, Weirdness & Mutations

You are very small and have problems with some larger weapons.
You are too small for most types of armour.
You have supernaturally acute eyesight. (SInv)
You are a herbivore.
You cover ground extremely quickly.
You need to consume almost no food.


Message History

The centaur warrior shouts, "What's happening?!"
Really walk into a travel-excluded area?
The manticore is engulfed in blazing flames.
There is an open door, spattered with blood here.
A manticore comes into view.
The centaur warrior hits itself!
The manticore is engulfed in blazing flames.
You see here an arrow.
Which direction?
There's a creature in the gateway!
Unknown command.
You strike the helpless centaur warrior from behind!
You stick the centaur warrior like a pincushion!!!
You kill the centaur warrior!
Dithmenos accepts your kill.
The manticore is engulfed in blazing flames.
The manticore dies!
The lava snake spits lava at you. The glob of lava hits you!
You die...

####+#### ##§§§§§≈≈##
##§§§§§S§≈≈## # +§≈§§§§§§§≈§#
.H## #§§§§§§≈§≈ ..## c..≈##§§SSS§
....### ##########≈≈#§''#+++##
...#!## #########≈≈≈..(.()...#
..#..# ∩.∩.....#≈≈≈≈.##@##..#
#.#.k# .∩.∩....#≈≈≈≈###.###.####
+.##†# ..∩.∩...#≈≈≈≈#†.#..# ...#
#...## ...∩.∩..#≈≈####.#.####..##
##.8## ....∩.⌠.#≈##.###(###.##..#
+..#. ...∩.∩..#≈#.####)##...#..#
#..#)
..∩.∩...'≈'##†+.<.'.##+..####..##
.∩.∩....#≈#.†.##.##...#....###...
▓▓▓▓▓▓###≈##.###'###.##....§.§≈≈≈


You could see 4 lava snakes.

Vanquished Creatures
  A yaktaur captain (D)
  A centaur warrior (D)
  2 death drakes (D)
  A yaktaur (D)
  A kobold demonologist (D)
  3 polar bears (D)
  A hornet (D)
  2 hippogriffs (D)
  Menkaure (D)
  A swamp drake (D)
  4 necrophages (D)
  A crocodile (D)
  A hell rat (D)
  4 worker ants (D)
  3 worms (D)
27 creatures vanquished.

Vanquished Creatures (others)
  Kirke (D)
  A manticore (D)
  A crocodile (D)
3 creatures vanquished.

Grand Total: 30 creatures vanquished

Notes
Turn   | Place    | Note
-------+----------+-------------------------------------------
     0 | D        | MuseOD the Spriggan Enchanter began the quest for the Orb.
     0 | D        | Reached XP level 1. HP: 9/9 MP: 5/5
     1 | D        | Noticed a necrophage
     1 | D        | Noticed a necrophage
     1 | D        | Noticed a necrophage
     1 | D        | Noticed a necrophage
     6 | D        | Killed a necrophage
     6 | D        | Reached skill level 8 in Stealth
     6 | D        | Reached XP level 2. HP: 16/16 MP: 6/6
     6 | D        | Reached XP level 3. HP: 20/20 MP: 8/8
     6 | D        | Reached XP level 4. HP: 24/24 MP: 9/9
     9 | D        | Killed a necrophage
     9 | D        | Reached skill level 9 in Stealth
     9 | D        | Reached XP level 5. HP: 28/28 MP: 10/10
    13 | D        | Killed a necrophage
    13 | D        | Reached skill level 10 in Stealth
    19 | D        | Killed a necrophage
    19 | D        | Reached skill level 11 in Stealth
    19 | D        | Reached skill level 5 in Hexes
    19 | D        | Reached XP level 6. HP: 34/34 MP: 10/13
    26 | D        | Learned a level 2 spell: Ensorcelled Hibernation
    30 | D        | Learned a level 3 spell: Confuse
    34 | D        | Learned a level 3 spell: Tukima's Dance
    38 | D        | Learned a level 3 spell: Dazzling Spray
    55 | D        | Found a roughly hewn altar of Beogh.
    56 | D        | Found a hazy altar of Hepliaklqana.
    56 | D        | Found a snail-covered altar of Cheibriados.
    56 | D        | Noticed Menkaure
    57 | D        | Found a stormy altar of Qazlal.
    57 | D        | Found a viscous altar of Jiyva.
    57 | D        | Found a shadowy altar of Dithmenos.
    58 | D        | Found a sacrificial altar of Ru.
    58 | D        | Found an ancient bone altar of Kikubaaqudgha.
    58 | D        | Found a white marble altar of Elyvilon.
    59 | D        | Found an ornate altar of the Wu Jian Council.
    59 | D        | Found a deep blue altar of Sif Muna.
    59 | D        | Found a corrupted altar of Lugonu.
    61 | D        | Found a shimmering altar of Xom.
    61 | D        | Found a bloodstained altar of Trog.
    61 | D        | Found a burning altar of Makhleb.
    62 | D        | Found a glowing golden altar of the Shining One.
    62 | D        | Found a basalt altar of Yredelemnul.
    62 | D        | Found a hide-covered altar of Uskayaw.
    63 | D        | Found a glowing silver altar of Zin.
    63 | D        | Found a radiant altar of Vehumet.
    67 | D        | Killed Menkaure
    67 | D        | Reached skill level 5 in Spellcasting
    68 | D        | Found a blossoming altar of Fedhas.
    68 | D        | Found a sparkling altar of Nemelex Xobeh.
    69 | D        | Found an opulent altar of Gozag.
    69 | D        | Found an iron altar of Okawaru.
    74 | D        | Became a worshipper of Dithmenos the Shadowed
   125 | D        | Noticed a yaktaur
   125 | D        | Noticed a hornet
   125 | D        | Noticed a polar bear
   126 | D        | Noticed a polar bear
   126 | D        | Noticed a polar bear
   127 | D        | Killed a polar bear
   127 | D        | Reached skill level 13 in Stealth
   127 | D        | Reached XP level 7. HP: 37/37 MP: 14/18
   128 | D        | Killed a polar bear
   128 | D        | Reached skill level 14 in Stealth
   140 | D        | Killed a hornet
   140 | D        | Reached * piety under Dithmenos
   142 | D        | Killed a yaktaur
   142 | D        | Reached XP level 8. HP: 20/42 MP: 12/22
   165 | D        | Killed a polar bear
   165 | D        | Reached skill level 15 in Stealth
   165 | D        | Reached skill level 10 in Spellcasting
   165 | D        | Reached skill level 10 in Hexes
   361 | D        | Noticed a death drake
   366 | D        | Noticed a death drake
   366 | D        | Noticed a crystal guardian
   367 | D        | Reached ** piety under Dithmenos
   367 | D        | Reached skill level 5 in Fighting
   377 | D        | Killed a death drake
   377 | D        | Reached skill level 10 in Short Blades
   377 | D        | Reached skill level 16 in Stealth
   395 | D        | Killed a death drake
   395 | D        | Reached skill level 17 in Stealth
   395 | D        | Reached XP level 9. HP: 22/50 MP: 19/24
   428 | D        | Reached *** piety under Dithmenos
   592 | D        | Found Xaitay's Book Boutique.
   592 | D        | Found Fiwigekh's Jewellery Boutique.
   592 | D        | Found Obisamax's Food Shop.
   593 | D        | Found Tuenuu's Magic Scroll Shop.
   593 | D        | Found Kappynualu's Jewellery Shop.
   593 | D        | Found Liraafud's Book Boutique.
   593 | D        | Found Ciatopas's Antique Armour Shop.
   593 | D        | Found Tiku Roc's Antique Weapon Boutique.
   599 | D        | Found Bulat's Gadget Boutique.
   599 | D        | Found Xeegierr's Distillery.
   600 | D        | Found Xurr's Book Shop.
   600 | D        | Found Keejujug's Distillery.
   603 | D        | Found Cosmok's Armour Boutique.
   603 | D        | Found Kebity's Antique Armour Shop.
   603 | D        | Noticed an oklob plant
   604 | D        | Found Xiatril's Book Shoppe.
   604 | D        | Found Hisem's Magic Scroll Boutique.
   606 | D        | Noticed a shining eye
   606 | D        | Noticed a shining eye
   610 | D        | Noticed a shining eye
   612 | D        | Noticed a polar bear
   613 | D        | Noticed a polar bear
   616 | D        | Bought a book of Conjurations for 420 gold pieces
   621 | D        | Learned a level 4 spell: Iskenderun's Mystic Blast
   627 | D        | Reached skill level 1 in Conjurations
   640 | D        | Noticed Roxanne
   644 | D        | Reached skill level 18 in Stealth
   647 | D        | Reached **** piety under Dithmenos
   663 | D        | Reached ***** piety under Dithmenos
   670 | D        | Noticed Kirke
   670 | D        | Noticed a skeletal warrior
   670 | D        | Noticed a kobold demonologist
   670 | D        | Noticed a centaur warrior
   673 | D        | Noticed a manticore
   679 | D        | Noticed a yaktaur captain
   702 | D        | Killed Kirke
   702 | D        | Reached skill level 19 in Stealth
   714 | D        | Killed a yaktaur captain
   714 | D        | Reached skill level 5 in Conjurations
   714 | D        | Reached XP level 10. HP: 44/55 MP: 12/25
   727 | D        | Reached skill level 20 in Stealth
   733 | D        | Noticed a manticore
   734 | D        | Killed a centaur warrior
   735 | D        | Killed a manticore
   735 | D        | Killed from afar by a lava snake

Skill      XL: |  1  2  3  4  5  6  7  8  9 10 |
---------------+-------------------------------+-----
Fighting       | 3 4 7 |  7.3
Short Blades   | 6 8 9 11 | 11.5
Stealth        | 8 9 11 13 14 17 19 20 | 20.7
Spellcasting   | 4 7 9 10 | 10.0
Hexes          | 5 7 9 10 | 10.3
Conjurations   | 5 6 |  6.7
Dodging        | |  3.0

Action                   |  1- 3 |  4- 6 |  7- 9 | 10-12 || total
-------------------------+-------+-------+-------+-------++-------
Melee: Dagger            |     4 |    15 |    61 |     3 ||    83
 Cast: Confuse           |       |     1 |    15 |     4 ||    20
       Dazzling Spray    |       |       |     3 |       ||     3
       Iskenderun's Myst |       |       |     2 |       ||     2
       Ensorcelled Hiber |       |       |     1 |     1 ||     2
  Use: Potion            |     1 |       |     4 |       ||     5
 Stab: Confused          |       |     1 |     9 |     1 ||    11
       Sleeping          |       |     1 |    12 |     1 ||    14
Armor: Robe              |       |       |     1 |       ||     1
Dodge: Dodged            |     1 |     3 |    22 |     1 ||    27
